 Dungeon Crawl Stone Soup version 0.21-a0-193-g085b6a0 (webtiles) character file.

1325 Helio the Covert (level 8, 0/36 HPs)
             Began as a Spriggan Enchanter on Aug 14, 2017.
             Was an Initiate of Dithmenos.
             Slain by an orc
             ... wielding a +0 flail
              (7 damage)
             ... on level 5 of the Dungeon.
             The game lasted 00:14:48 (7471 turns).

Helio the Covert (Spriggan Enchanter)               Turns: 7471, Time: 00:14:51

Health: 0/36       AC:  3    Str:  5    XL:     8   Next: 34%
Magic:  13/16      EV: 18    Int: 17    God:    Dithmenos [......]
Gold:   333        SH:  0    Dex: 17    Spells: 4/16 levels left

rFire    . . .     SeeInvis +   a - +2 dagger
rCold    . . .     Gourm    .   (shield restricted)
rNeg     . . .     Faith    .   b - +1 robe
rPois    .         Spirit   .   (helmet restricted)
rElec    .         Reflect  .   (no cloak)
rCorr    +         Harm     .   (gloves unavailable)
MR       +....                  (boots unavailable)
Stlth    ++++++....             (no amulet)
HPRegen  0.12/turn              h - ring of resist corrosion
MPRegen  0.15/turn              (no ring)

@: very quick
A: unfitting armour, see invisible, herbivore 3, speed 3, slow metabolism 2
a: Renounce Religion


You were on level 5 of the Dungeon.
You worshipped Dithmenos.
Dithmenos was noncommittal.
You were full.

You visited 2 branches of the dungeon, and saw 6 of its levels.
You also visited: Sewer.

You collected 333 gold pieces.

Inventory:

Hand Weapons
 a - a +2 dagger (weapon)
Armour
 b - a +1 robe (worn)
Jewellery
 h - a ring of resist corrosion (left hand)
Wands
 p - a wand of polymorph (1/24)
Scrolls
 e - a scroll of magic mapping
 i - 2 scrolls of remove curse
 o - a scroll of enchant armour
Potions
 c - 3 potions of heal wounds
 f - 2 potions of agility {unknown}
 g - 3 potions of curing
 j - 3 potions of brilliance
 k - 2 potions of lignification {unknown}
 l - 5 potions of flight {unknown}
 m - 2 potions of might {unknown}
 n - a potion of resistance {unknown}
Comestibles
 d - 3 bread rations


   Skills:
 - Level 1.1 Short Blades
 - Level 3.0 Dodging
 + Level 13.8 Stealth
 - Level 4.9 Spellcasting
 - Level 5.5 Hexes


You had 4 spell levels left.
You knew the following spells:

 Your Spells              Type           Power        Failure   Level  Hunger
a - Ensorcelled Hibernat  Hex/Ice        ##....       7%          2    #......
b - Corona                Hex            ###....      1%          1    None
c - Confuse               Hex            ###.....     4%          3    ###....
d - Tukima's Dance        Hex            ###.....     4%          3    ###....
e - Dazzling Spray        Conj/Hex       ##....       14%         3    ###....


Dungeon Overview and Level Annotations

Branches:
Dungeon (5/15)             Temple (1/1) D:4

Altars:
Cheibriados
Dithmenos
Elyvilon
Fedhas
Gozag
Kikubaaqudgha
Nemelex Xobeh
Ru
Sif Muna
Trog
Vehumet
Wu Jian
Yredelemnul

Shops:
D:5 =


Innate Abilities, Weirdness & Mutations

You are very small and have problems with some larger weapons.
You are too small for most types of armour.
You have supernaturally acute eyesight. (SInv)
You are a herbivore.
You cover ground extremely quickly.
You need consume almost no food.


Message History

The orc priest is dazzled.
The orc wizard hits you with a dagger. The orc priest misses you.
Unknown command.
You hit the orc priest but do no damage.
The orc wizard barely misses you. The orc barely misses you.
The orc priest hits you with a war axe.
You hit the orc priest but do no damage.
The orc priest closely misses you. The orc wizard closely misses you.
The orc misses you. The orc hits you with a dagger.
The orc priest hits you with a war axe!
* * * LOW HITPOINT WARNING * * *
Unknown command.
You catch the helpless orc priest completely off-guard!
You impale the orc priest!!
You kill the orc priest!
Dithmenos accepts your kill. The orc wizard misses you.
The orc hits you with a dagger.
* * * LOW HITPOINT WARNING * * *
The orc hits you with a flail!
You die...

##### #...# #...# ##
#...## #. #.ooo###
####.
#.o@)..#########....
#...##..##.......###
#...###..........###
#.............[...#.
##.$................
#..####............
##.# #............
#... #...........)
###.###....#####).


You could see an orc priest (blind), an orc wizard and 2 orcs.

Vanquished Creatures
  Grinder (D:4)
  The ghost of smzp the Stinger, an amateur OpVM (D:4)
  Edmund (D:4)
  2 phantoms
  A big kobold (Sewer)
  A howler monkey (D:4)
  2 crimson imps
  An orc priest (D:5)
  2 hounds
  A bullfrog skeleton (D:4)
  2 orc wizards (D:5)
  A centaur skeleton (D:4)
  Jessica (D:2)
  Terence (D:2)
  5 worker ants
  6 adders
  A howler monkey skeleton (D:4)
  3 river rats (Sewer)
  An adder skeleton (D:4)
  2 worms
  A dart slug (D:1)
  3 leopard geckos
  3 orcs
  4 giant cockroaches
  11 hobgoblins
  7 jackals
  3 quokkas
  5 bats
  4 frilled lizards
  7 goblins
  9 kobolds
  2 leopard gecko skeletons
  13 rats
108 creatures vanquished.

Notes
Turn   | Place    | Note
-------+----------+-------------------------------------------
     0 | D:1      | Helio the Spriggan Enchanter began the quest for the Orb.
     0 | D:1      | Reached XP level 1. HP: 9/9 MP: 5/5
   416 | D:1      | Reached XP level 2. HP: 13/13 MP: 7/7
   432 | D:1      | Learned a level 2 spell: Ensorcelled Hibernation
  1220 | D:2      | Noticed Terence
  1599 | D:2      | Noticed Jessica
  1607 | D:2      | Killed Jessica
  1607 | D:2      | Reached XP level 3. HP: 9/16 MP: 6/9
  1619 | D:2      | Learned a level 3 spell: Confuse
  1623 | D:2      | Learned a level 3 spell: Tukima's Dance
  1742 | D:2      | Killed Terence
  1742 | D:2      | Reached skill level 5 in Hexes
  1742 | D:2      | Reached XP level 4. HP: 20/21 MP: 1/11
  2384 | D:2      | Found a faded altar of an unknown god.
  2716 | D:3      | Learned a level 3 spell: Dazzling Spray
  3296 | D:3      | Reached XP level 5. HP: 24/24 MP: 0/13
  4139 | D:3      | Reached skill level 5 in Stealth
  4289 | D:4      | Noticed a phantom
  4324 | D:5      | Entered Level 5 of the Dungeon
  4404 | D:5      | Found a glowing drain.
  4456 | D:4      | Reached skill level 6 in Stealth
  4571 | D:4      | Killed a phantom
  4571 | D:4      | Reached skill level 7 in Stealth
  4571 | D:4      | Reached XP level 6. HP: 23/28 MP: 10/14
  4605 | Sewer    | Entered a sewer
  4630 | Sewer    | Reached skill level 8 in Stealth
  5006 | Sewer    | Found a white marble altar of Elyvilon.
  5083 | D:4      | Noticed Edmund
  5100 | D:4      | Killed Edmund
  5100 | D:4      | Reached skill level 9 in Stealth
  5100 | D:4      | Reached XP level 7. HP: 11/32 MP: 3/15
  5139 | D:5      | Reached skill level 10 in Stealth
  5366 | D:4      | Noticed Grinder
  5375 | D:4      | Killed Grinder
  5375 | D:4      | Reached skill level 11 in Stealth
  5698 | D:4      | Found a staircase to the Ecumenical Temple.
  5708 | Temple   | Entered the Ecumenical Temple
  5747 | Temple   | Became a worshipper of Dithmenos the Shadowed
  6040 | D:4      | Reached skill level 12 in Stealth
  6043 | D:4      | Noticed smzp's ghost (amateur OpVM)
  6066 | D:4      | Killed smzp's ghost
  6066 | D:4      | Reached XP level 8. HP: 24/36 MP: 7/16
  6549 | D:4      | Reached skill level 13 in Stealth
  7150 | D:5      | Found Owujih's Jewellery Boutique.
  7471 | D:5      | Slain by an orc

Vault maps used:
D:1:      mrwooster_arrival_statue
D:2:      chequers_ecumenical_altar_simple_redux, uniq_jessica, uniq_terence
D:3:      first_bread
D:4:      minmay_temple_entry_nine_rooms, uniq_grinder, uniq_edmund
D:5:      portal_sewer_entry_a, kennysheep_windowed_goal
Temple:   cyrus_circular_temple
Sewer:    sewer_kobolds

Skill      XL: |  1  2  3  4  5  6  7  8 |
---------------+-------------------------+-----
Hexes          | 4 5 |  5.5
Spellcasting   | 3 4 |  4.9
Stealth        | 7 9 12 13 | 13.8
Short Blades   | |  1.1
Dodging        | |  3.0

Action                   |  1- 3 |  4- 6 |  7- 9 || total
-------------------------+-------+-------+-------++-------
Melee: Dagger            |    69 |   179 |   108 ||   356
 Cast: Corona            |     3 |     1 |       ||     4
       Ensorcelled Hiber |     5 |    30 |    13 ||    48
       Confuse           |     1 |     8 |     6 ||    15
       Dazzling Spray    |       |    10 |     7 ||    17
Evoke: Wand              |       |     4 |       ||     4
  Use: Scroll            |     4 |     7 |     3 ||    14
       Potion            |       |       |     1 ||     1
 Stab: Sleeping          |    15 |    31 |    12 ||    58
       Confused          |     1 |     4 |     5 ||    10
       Distracted        |       |     1 |       ||     1
       Invisible         |       |       |     4 ||     4
  Eat: Bread ration      |       |     1 |     1 ||     2
Armor: Robe              |     2 |    19 |     9 ||    30
Dodge: Dodged            |    39 |   136 |    88 ||   263
